 Dungeon Crawl Stone Soup version 0.19.1 (webtiles) character file.

806 dvd the Stinger (level 7, 0/43 HPs)
             Began as an Octopode Venom Mage on Nov 29, 2016.
             Shot with an arrow by a centaur (9 damage)
             ... on level 5 of the Dungeon.
             The game lasted 00:14:20 (5265 turns).

dvd the Stinger (Octopode Venom Mage)               Turns: 5265, Time: 00:14:21

Health: 0/43       AC:  1    Str:  7    XL:     7   Next: 91%
Magic:  11/14      EV: 13    Int: 20    God:
Gold:   241        SH:  0    Dex: 12    Spells: 3 memorised, 6 levels left

rFire  . . .     SeeInvis .     q - +1 flail (crush)
rCold  . . .     Gourm    .     (no shield)
rNeg   . . .     Faith    .     (helmet restricted)
rPois  .         Spirit   .     m - amulet of magic regeneration
rElec  .         Reflect  .     (no ring)
rCorr  .         Harm     .     (no ring)
MR     .....                    (no ring)
Stlth  +++.......               (no ring)
                                (no ring)
                                (no ring)
                                (no ring)
                                (no ring)

@: no status effects
A: almost no armour, stealthy swim, amphibious, 8 rings, constrict 8, camouflage
1, gelatinous body 1
a: no special abilities


You were on level 5 of the Dungeon.
You were not hungry.

You visited 1 branch of the dungeon, and saw 5 of its levels.

You collected 241 gold pieces.

Inventory:

Hand Weapons
 l - a +0 mace of crushing
 q - a +1 flail of crushing (weapon)
 C - the +1 mace of Ravage {vamp, +Fly SInv}
   (You found it on level 4 of the Dungeon)

   It inflicts no extra harm, but heals its wielder when it wounds a living foe.
   It lets you see invisible.
   It lets you fly.
 D - a +5 quarterstaff of chaos
Jewellery
 m - an amulet of magic regeneration (around mantle)
Wands
 p - a wand of polymorph (0/24)
 t - a wand of teleportation (3/9)
Scrolls
 f - a scroll of remove curse
 i - a scroll of magic mapping
 j - a scroll of amnesia
 w - a scroll of blinking
 x - a scroll of teleportation
Potions
 c - 2 potions of curing {unknown}
 d - a potion of haste {unknown}
 g - a potion of lignification {unknown}
 h - 2 potions of magic {unknown}
 o - a potion of agility {unknown}
 r - 2 potions of resistance {unknown}
 s - 2 potions of brilliance {unknown}
Books
 e - a Young Poisoner's Handbook

   Spells                             Type                      Level
   a - Sting                          Conjuration/Poison           1
   b - Mephitic Cloud                 Conjuration/Poison/Air       3
   c - Olgreb's Toxic Radiance        Poison                       4
   d - Alistair's Intoxication        Transmutation/Poison         5
   e - Venom Bolt                     Conjuration/Poison           5
Comestibles
 b - 5 bread rations
 k - 6 fruits
 B - a meat ration


   Skills:
 + Level 1.0 Fighting
 + Level 1.3 Maces & Flails
 + Level 2.3 Dodging
 + Level 4.1 Stealth
 + Level 0.2 Unarmed Combat
 + Level 5.0 Spellcasting
 + Level 2.6 Conjurations
 + Level 7.9 Poison Magic


You had 6 spell levels left.
You knew the following spells:

 Your Spells              Type           Power        Failure   Level  Hunger
a - Sting                 Conj/Pois      ####         1%          1    None
b - Olgreb's Toxic Radia  Pois           #####...     6%          4    ####...
c - Venom Bolt            Conj/Pois      ####......   38%         5    #####..


Dungeon Overview and Level Annotations

Branches:
Dungeon (5/15)
 Temple: D:4-7

Altars:
Elyvilon
Qazlal
Sif Muna
The Shining One

Annotations:
D:5 Apogee's ghost, novice DECj


Innate Abilities, Weirdness & Mutations

You cannot wear most types of armour.
You are very stealthy in the water. (Stealth+)
You are amphibious.
You can wear up to eight rings at the same time.
You can use your tentacles to constrict eight enemies at once.
Your skin changes colour to match your surroundings (Stealth+).
Your rubbery body absorbs attacks. (AC +1, EV +1)


Message History

Found an escape hatch in the ceiling.
You hear the slow rusting of a distant drain.
Casting: Sting
Confirm with . or Enter, or press ? or * to list all spells.
You begin to radiate toxic energy.
The centaur is poisoned.
The centaur wields a shortbow.
The centaur shoots an arrow.
The arrow hits you!
Unknown command.
Apogee's ghost points at you and mumbles some strange words.
The magic dart hits you!
Your toxic aura wanes.
The centaur shoots an arrow.
The arrow hits you!
The centaur shoots an arrow.
The arrow hits you.
Found a stone staircase leading up.
There is an escape hatch in the ceiling here.
You see here an arrow.
Apogee's ghost gestures at you while chanting.
The magic dart hits you!
* * * LOW HITPOINT WARNING * * *
The centaur shoots an arrow.
The arrow hits you!
You die...

#.#..##[####.........
...#.##.# #.W######
........ #..#...##
.....## #.......#
.....# #.......#
.....# ##.c....#
...... #(#...## #.###
#(##.## .# #c##@# #
#.##.# #. #.# #. #..
#. ... #... #...
##<..


You could see a centaur and Apogee's ghost.

Vanquished Creatures
  Edmund (D:4)
  2 ogres (D:4)
  A scorpion (D:4)
  Crazy Yiuf (D:4)
  A bullfrog skeleton (D:4)
  Terence (D:2)
  2 iguanas
  Ijyb (D:2)
  3 orc wizards (D:4)
  2 worker ants (D:4)
  9 adders
  An ooze (D:1)
  4 worms
  4 dart slugs
  5 leopard geckos
  3 orcs
  4 giant cockroaches
  13 goblins
  6 hobgoblins
  10 jackals
  A quokka (D:4)
  A ball python (D:4)
  6 bats
  5 frilled lizards
  9 kobolds
  A leopard gecko skeleton (D:4)
  14 rats
111 creatures vanquished.

Notes
Turn   | Place    | Note
-------+----------+-------------------------------------------
     0 | D:1      | dvd the Octopode Venom Mage began the quest for the Orb.
     0 | D:1      | Reached XP level 1. HP: 11/11 MP: 3/3
   194 | D:1      | Reached skill level 5 in Poison Magic
   308 | D:1      | Reached XP level 2. HP: 8/17 MP: 1/5
   846 | D:1      | Reached XP level 3. HP: 21/21 MP: 3/6
  1416 | D:2      | Reached skill level 6 in Poison Magic
  1668 | D:2      | Reached XP level 4. HP: 27/27 MP: 3/7
  1730 | D:2      | Learned a level 4 spell: Olgreb's Toxic Radiance
  1876 | D:2      | Reached skill level 1 in Conjurations
  2235 | D:2      | Found a glowing golden altar of the Shining One.
  2268 | D:2      | Noticed Terence
  2279 | D:2      | Killed Terence
  2316 | D:2      | Reached XP level 5. HP: 32/32 MP: 4/9
  2499 | D:2      | Noticed Ijyb
  2506 | D:2      | Killed Ijyb
  3017 | D:3      | Found a stormy altar of Qazlal.
  3017 | D:3      | Noticed a water elemental
  3029 | D:3      | Noticed a fire elemental
  3029 | D:3      | Noticed an air elemental
  3686 | D:4      | Reached XP level 6. HP: 37/37 MP: 2/11
  3887 | D:4      | Reached skill level 1 in Fighting
  3887 | D:4      | Reached skill level 7 in Poison Magic
  4014 | D:4      | Reached skill level 1 in Maces & Flails
  4069 | D:4      | Reached XP level 7. HP: 43/43 MP: 5/12
  4580 | D:4      | Got a fine mace
  4583 | D:4      | Found a runed door.
  4587 | D:4      | Noticed Crazy Yiuf
  4595 | D:4      | Killed Crazy Yiuf
  4636 | D:4      | Identified the cursed +1 mace of Ravage {vamp, +Fly SInv} (You found it on level 4 of the Dungeon)
  4781 | D:4      | Noticed Edmund
  4807 | D:4      | Killed Edmund
  5003 | D:4      | Found a deep blue altar of Sif Muna.
  5158 | D:5      | Entered Level 5 of the Dungeon
  5162 | D:5      | Found a white marble altar of Elyvilon.
  5220 | D:5      | Reached skill level 5 in Spellcasting
  5231 | D:5      | Learned a level 5 spell: Venom Bolt
  5239 | D:5      | Noticed Apogee's ghost (novice DECj)
  5265 | D:5      | Shot with an arrow by a centaur

Skill      XL: |  1  2  3  4  5  6  7 |
---------------+----------------------+-----
Poison Magic   | 5 6 7 |  7.9
Stealth        | 3 4 |  4.1
Conjurations   | 1 2 |  2.6
Spellcasting   | 3 5 |  5.0
Fighting       | 1 |  1.0
Maces & Flails | 1 |  1.3
Dodging        | |  2.3
Unarmed Combat | |  0.2

Action                   |  1- 3 |  4- 6 |  7- 9 || total
-------------------------+-------+-------+-------++-------
Melee: Short sword       |     2 |       |       ||     2
       Constrict         |     1 |     5 |     6 ||    12
       Tentacles         |     1 |     4 |     5 ||    10
       Mace              |       |    21 |    18 ||    39
       Unarmed           |       |     6 |       ||     6
       Flail             |       |       |     1 ||     1
 Cast: Sting             |    63 |    73 |    12 ||   148
       Olgreb's Toxic Ra |       |    14 |    13 ||    27
  Use: Scroll            |       |     7 |     6 ||    13
 Stab: Sleeping          |       |     3 |       ||     3
  Eat: Chunk             |     3 |    10 |     6 ||    19
       Meat ration       |       |       |     1 ||     1
Armor: Skin              |     1 |     1 |       ||     2
Dodge: Dodged            |     6 |    21 |    19 ||    46
